 Dungeon Crawl Stone Soup version 0.27.1-1-g398f81649c (webtiles) character file.

Game seed: 7740219110249055606

4927 Autumnman the Protected (level 10, -2/90 HPs)
             Began as a Minotaur Berserker on Sept 10, 2021.
             Was a High Priest of Trog.
             Slain by a two-headed ogre (13 damage)
             ... on level 8 of the Dungeon.
             The game lasted 00:33:31 (6144 turns).

Autumnman the Protected (Minotaur Berserker)        Turns: 6144, Time: 00:33:36

Health: -2/90      AC: 12    Str: 25    XL:     10   Next: 27%
Magic:  9/9        EV: 10    Int:  4    God:    Trog [*****.]
Gold:   408        SH:  0    Dex: 10    Spells: 9/9 levels left

rFire    . . .     SeeInvis .   a - +0 hand axe
rCold    . . .     Faith    .   (no shield)
rNeg     . . .     Spirit   .   p - +0 chain mail
rPois    .         Reflect  .   (helmet restricted)
rElec    .         Harm     .   e - scarf {repulsion}
rCorr    .         Rampage  .   (no gloves)
Will     .....                  (no boots)
Stlth    ..........             q - amulet of regeneration
HPRegen  1.25/turn              (no ring)
MPRegen  0.11/turn              (no ring)

@: repel missiles
A: horns 2, retaliatory headbutt
a: Renounce Religion, Berserk, Trog's Hand, Brothers in Arms


You were on level 8 of the Dungeon.
You worshipped Trog.
Trog was extremely pleased with you.
You visited 2 branches of the dungeon, and saw 9 of its levels.

You collected 408 gold pieces.

Inventory:

Hand Weapons
 a - a +0 hand axe (weapon)
 B - a +2 scimitar
Armour
 b - a +0 animal skin
 e - a scarf of repulsion (worn)
 p - a +0 chain mail (worn)
Jewellery
 l - an amulet of the acrobat
 q - an amulet of regeneration (around neck)
 v - an amulet of guardian spirit
 A - an amulet of faith
 D - an amulet of reflection
Scrolls
 d - 2 scrolls of noise {unknown}
 f - 4 scrolls of identify {unknown}
 i - 3 scrolls of teleportation {unknown}
 j - a scroll of vulnerability {unknown}
 k - a scroll of holy word {unknown}
 m - 3 scrolls of fog {unknown}
 w - 2 scrolls of blinking {unknown}
 x - a scroll of enchant armour {unknown}
 y - a scroll of enchant weapon {unknown}
 C - a scroll of amnesia {unknown}
Potions
 c - a potion of berserk rage {unknown}
 g - 3 potions of haste {unknown}
 h - a potion of lignification {unknown}
 n - a potion of curing {unknown}
 o - a potion of mutation {unknown}
 r - a potion of might {unknown}
 s - 2 potions of flight {unknown}
 t - 3 potions of degeneration {unknown}
 u - 2 potions of resistance {unknown}
 z - a potion of brilliance {unknown}
 E - a potion of ambrosia {unknown}
 F - a potion of magic {unknown}


   Skills:
 * Level 8.8 Fighting
 * Level 10.4 Axes
 + Level 11.2 Armour
 * Level 6.6 Dodging
 + Level 0.4 Stealth


You had 9 spell levels left.
You didn't know any spells.
Your spell library contained the following spells:

 Spells                   Type           Power      Damage    Failure   Level
 Ensorcelled Hibernation  Hex/Ice        0%         N/A       99%         2
 Spider Form              Tmut/Pois      0%         N/A       100%        3
 Shadow Creatures         Summ           N/A        N/A       100%        6


Dungeon Overview and Level Annotations

Branches:
Dungeon (8/15)             Temple (1/1) D:7            Lair (0/6) D:8

Altars:
Ashenzari
Cheibriados
Dithmenos
Elyvilon
Gozag
Hepliaklqana
Kikubaaqudgha
Makhleb
Nemelex Xobeh
Okawaru
Ru
Sif Muna
Trog
Uskayaw
Vehumet
Wu Jian
Xom
Yredelemnul
Zin
The Shining One

Shops:
D:1 =   D:6 !

Annotations:
D:3 1 runed translucent door


Innate Abilities, Weirdness & Mutations

You have a pair of horns on your head.
You reflexively headbutt those who attack you in melee.


Message History

The two-headed ogre hits you with a +0 giant club!
* * * LOW HITPOINT WARNING * * *
A red film seems to cover your vision as you go berserk!
You feel yourself moving faster!
You feel mighty!
You feel a strong urge to attack something.
You feel your anger nearly subside.
You are no longer berserk.
You are exhausted.
You feel yourself slow down.
There is a stone staircase leading up here.
You climb upwards.
There is a stone staircase leading down here.
You feel the effects of Trog's Hand fading.
Your skin stops crawling.
You feel less strong-willed.
You feel yourself speed up.
Unknown command.
You recover from your berserk rage.
There is a stone staircase leading down here.
You climb downwards.
The two-headed ogre hits you with a +0 giant spiked club!
The two-headed ogre hits you with a +0 giant club.
There is a stone staircase leading up, spattered with blood here.
You hit the two-headed ogre.
Your headbutt misses the two-headed ogre.
The two-headed ogre is heavily wounded.
The two-headed ogre hits you with a +0 giant spiked club!
The two-headed ogre barely misses you.
You slash the two-headed ogre!
The two-headed ogre is heavily wounded.
The two-headed ogre hits you with a +0 giant spiked club!!
The two-headed ogre hits you with a +0 giant club!
You hit the two-headed ogre.
The two-headed ogre is severely wounded.
You hit the two-headed ogre but do no damage.
You headbutt the two-headed ogre!
The two-headed ogre is almost dead.
The two-headed ogre hits you with a +0 giant spiked club!!
* * * LOW HITPOINT WARNING * * *
The two-headed ogre hits you with a +0 giant club!
You die...

##..........# #
#.............#
####..#......##..#.
####.#...#............
##.#.........$.†.......
######........##.(...#.....
.##...:..............# ....
..#....)....#...O....#... .
#...##......##..@.........
..####.......#.#.............
..###..........#...##.#......
...##...##.....#......(......
.......###.......#....##.....
...<#.####..<...##...........
.......#.........)(..##......
.|.........................#
......)......##(...........#


You could see a two-headed ogre.

Vanquished Creatures
  A two-headed ogre (D:8)
  A gargoyle (D:8)
  A kobold demonologist (D:6)
  Eustachio (D:5)
  The ghost of vandaahl the Shooter, an amateur SpHu (D:3)
  2 ice beasts
  An orc warrior (D:6)
  A sky beast (D:6)
  A black bear (D:8)
  4 necrophages
  An ogre (D:4)
  A phantom (D:5)
  7 centaurs
  4 kobold brigands
  2 bullfrogs
  Blork the orc (D:6)
  A gnoll sergeant (D:8)
  A scorpion (D:5)
  2 wyvern zombies
  A killer bee (D:8)
  4 wights (D:7)
  3 howler monkeys
  A centaur zombie (D:8)
  4 hounds
  A centaur skeleton (D:6)
  A bullfrog skeleton (D:6)
  4 orc priests
  A gnoll shaman (D:7)
  A jelly (D:4)
  2 iguanas
  An orc wizard (D:6)
  3 killer bee zombies
  A hound zombie (D:5)
  2 hound skeletons (D:5)
  14 gnolls
  A howler monkey skeleton (D:5)
  9 adders
  A white imp (D:6)
  An adder zombie (D:5)
  4 worms
  A dart slug (D:2)
  18 orcs
  4 bats
  5 endoplasms
  2 giant cockroaches
  11 goblins
  8 hobgoblins
  29 kobolds
  3 quokkas
  7 ball pythons
  3 frilled lizards
  10 rats
195 creatures vanquished.

Vanquished Creatures (others)
  A sky beast (D:7)
1 creature vanquished.

Grand Total: 196 creatures vanquished

Notes
Turn   | Place    | Note
-------+----------+-------------------------------------------
     0 | D:1      | Autumnman the Minotaur Berserker began the quest for the
                  | Orb.
     0 | D:1      | Reached XP level 1. HP: 19/19 MP: 0/0
   168 | D:1      | Found Ipurom's Jewellery Boutique.
   175 | D:1      | Reached XP level 2. HP: 19/27 MP: 1/1
   180 | D:1      | Found a faded altar of an unknown god.
   920 | D:2      | Found a snail-covered altar of Cheibriados.
   940 | D:2      | Reached XP level 3. HP: 32/33 MP: 2/2
   989 | D:2      | Reached skill level 3 in Armour
  1140 | D:2      | Reached ** piety under Trog
  1450 | D:2      | Reached XP level 4. HP: 32/41 MP: 3/3
  1779 | D:3      | Reached skill level 4 in Armour
  1781 | D:3      | Reached XP level 5. HP: 47/47 MP: 4/4
  2024 | D:3      | Reached skill level 5 in Axes
  2060 | D:3      | Found a runed translucent door.
  2062 | D:3      | Noticed vandaahl's ghost (amateur SpHu)
  2073 | D:3      | Killed vandaahl's ghost
  2074 | D:3      | Reached skill level 5 in Armour
  2074 | D:3      | Reached XP level 6. HP: 53/53 MP: 5/5
  2084 | D:3      | Found a runed translucent door.
  2598 | D:4      | Reached *** piety under Trog
  2736 | D:4      | Reached skill level 5 in Fighting
  2837 | D:4      | Found a shimmering altar of Xom.
  2928 | D:4      | Found a burning altar of Makhleb.
  2940 | D:4      | Identified the +1 robe of Tijy {rElec rN+ Str-4 Stlth+
                  | Archmagi}
  2996 | D:4      | Reached skill level 6 in Armour
  2996 | D:4      | Reached XP level 7. HP: 54/61 MP: 6/6
  3461 | D:4      | Found a shadowy altar of Dithmenos.
  3493 | D:5      | Entered Level 5 of the Dungeon
  3546 | D:5      | Noticed Eustachio
  3556 | D:5      | Killed Eustachio
  3658 | D:5      | Reached skill level 7 in Armour
  3847 | D:5      | Reached XP level 8. HP: 69/69 MP: 7/7
  3977 | D:5      | Reached skill level 8 in Armour
  4111 | D:5      | Reached **** piety under Trog
  4493 | D:6      | Noticed Blork the orc
  4497 | D:6      | Killed Blork the orc
  4657 | D:6      | Reached skill level 9 in Armour
  4752 | D:6      | Reached skill level 5 in Dodging
  4753 | D:6      | Found Eczuchu's Distillery.
  4820 | D:6      | Noticed a kobold demonologist
  4827 | D:6      | Killed a kobold demonologist
  4828 | D:6      | Reached XP level 9. HP: 78/78 MP: 8/8
  4994 | D:7      | Reached skill level 10 in Armour
  4994 | D:7      | Found a staircase to the Ecumenical Temple.
  5073 | D:7      | Found an iron altar of Okawaru.
  5330 | Temple   | Entered the Ecumenical Temple
  5848 | D:8      | Found a staircase to the Lair.
  5855 | D:8      | Reached ***** piety under Trog
  5873 | D:8      | Noticed a two-headed ogre
  5898 | D:8      | Killed a two-headed ogre
  5899 | D:8      | Reached skill level 10 in Axes
  5899 | D:8      | Reached skill level 11 in Armour
  5899 | D:8      | Reached XP level 10. HP: 87/90 MP: 9/9
  5954 | D:8      | Noticed a gargoyle
  5971 | D:8      | Killed a gargoyle
  6079 | D:8      | Noticed a two-headed ogre
  6144 | D:8      | Slain by a two-headed ogre

Illustrated notes

Levels and vault maps discovered:
D:1:      dpeg_arrival_pond, layout_rooms, hellmonk_ecumenical_altar_crossroads,
          serial_shops, shop
D:2:      layout_rooms, basic_altar
D:3:      layout_loops_corners, ebering_ghost_sewer_f
D:4:      layout_loops_ring, marbit_many_paths, amcnicky_altar_gilded,
          lightli_temple_of_fire, dk_rats_in_the_wall
D:5:      layout_loops_corners, minmay_fractal_squares_gapless_5, uniq_eustachio
D:6:      layout_basic, serial_shops, nicolae_lakefront_shop,
          kennysheep_pointless_box, minmay_misc_feat_roman, minmay_manual_maat,
          uniq_blork_the_orc
D:7:      layout_rooms, kennysheep_little_box,
          minmay_temple_entry_drinking_statues
D:8:      layout_cave_pools, grunt_qazlal_clouds, lair_entry_dummy,
          minmay_diced_spiral
Temple:   eino_temple_rhombus

Skill      XL: |  1  2  3  4  5  6  7  8  9 |
---------------+----------------------------+-----
Axes           | 4 5 6 7 10 | 10.4
Fighting       | 4 5 6 8 |  8.8
Armour         | 3 4 5 6 7 9 11 | 11.2
Dodging        | 3 4 5 6 |  6.6
Stealth        | |  0.4

Action                   |  1- 3 |  4- 6 |  7- 9 | 10-12 || total
-------------------------+-------+-------+-------+-------++-------
Melee: Hand axe          |    92 |   114 |   332 |    47 ||   585
       Headbutt          |     7 |    14 |    70 |    15 ||   106
Invok: Berserk           |       |     3 |     7 |     1 ||    11
       Trog's Hand       |       |       |       |     1 ||     1
Armor: Animal skin       |     4 |       |       |       ||     4
       Scale mail        |    18 |     2 |       |       ||    20
       Chain mail        |       |    29 |   167 |    27 ||   223
Dodge: Dodged            |    54 |    59 |   174 |    22 ||   309
       Repelled          |       |       |     2 |       ||     2
